 Dungeon Crawl Stone Soup version 0.29-a0-1008-g949cc1d0fb (webtiles) character file.

Game seed: 10706589331847082778

13308 ragingrage the Nimble (level 11, -3/52 HPs)
             Began as a Felid Summoner on Aug 7, 2022.
             Was an Initiate of Gozag.
             Killed by miscasting Summon Lightning Spire (6 damage)
             ... on level 3 of the Lair of Beasts.
             The game lasted 00:43:01 (14863 turns).

ragingrage the Nimble (Felid Summoner)             Turns: 14863, Time: 00:43:02

Health: -3/52      AC:  6    Str:  8    XL:     11   Next: 73%
Magic:  21/33      EV: 26    Int: 20    God:    Gozag
Gold:   1462       SH:  0    Dex: 18    Spells: 14/27 levels left
                                        Lives:  0   Deaths: 3

rFire   . . .      SeeInvis +   (weapon unavailable)
rCold   . . .      Faith    .   (shield unavailable)
rNeg    . . .      Spirit   .   (body armour unavailable)
rPois   .          Reflect  .   (helmet unavailable)
rElec   .          Harm     .   (cloak unavailable)
rCorr   .          Rampage  .   (gloves unavailable)
Will    +....                   (boots unavailable)
Stlth   +++.......              (no amulet)
HPRegen 0.17/turn               b - ring of magical power
MPRegen 0.23/turn               l - +4 ring of protection

@: very slightly contaminated, quick
A: very small, claws 1, fangs 3, see invisible, speed 1, shaggy fur 2, stealthy
paws, no weapons or thrown items, no armour, multi-lived, thin skeletal
structure 1, strong 1, wild magic 1
a: Renounce Religion, Potion Petition, Call Merchant, Bribe Branch


You were on level 3 of the Lair of Beasts.
You worshipped Gozag.
Gozag was most pleased with you.
You visited 3 branches of the dungeon, and saw 14 of its levels.
You also visited: Gauntlet.

You collected 1605 gold pieces.
You paid 143 gold pieces to Gozag.

Inventory:

Jewellery
 b - a ring of magical power (left paw)
 g - a ring of flight
 l - a +4 ring of protection (right paw)
Wands
 j - a wand of charming (8)
 y - a wand of iceblast (13)
 z - a wand of polymorph (10)
 C - a wand of mindburst (1)
Scrolls
 h - a scroll of fear
 i - 4 scrolls of teleportation
 k - 2 scrolls of fog
 o - a scroll of magic mapping {unknown}
 r - 3 scrolls of identify
 t - a scroll of vulnerability
 w - 2 scrolls of amnesia
 x - a scroll of torment {unknown}
 B - a scroll of brand weapon {unknown}
 E - a scroll of poison {unknown}
 F - a scroll of immolation {unknown}
Potions
 a - 2 potions of magic
 c - a potion of curing
 d - a potion of mutation
 e - a potion of ambrosia
 f - 3 potions of flight
 m - 2 potions of heal wounds {unknown}
 n - 2 potions of degeneration {unknown}
 p - 4 potions of haste
 q - a potion of might {unknown}
 s - 2 potions of resistance
 u - a potion of lignification {unknown}
 v - a potion of brilliance {unknown}
 A - a potion of berserk rage {unknown}
 D - 2 potions of attraction {unknown}


   Skills:
 + Level 8.7 Fighting
 + Level 11.8 Dodging
 - Level 2.6 Stealth
 + Level 8.6 Spellcasting
 - Level 5.0 Hexes
 + Level 11.7 Summonings
 + Level 5.5 Air Magic


You had 14 spell levels left.
You knew the following spells:

 Your Spells              Type           Power      Damage    Failure   Level
a - Summon Small Mammal   Summ           100%       N/A       1%          1
b - Call Imp              Summ           64%        N/A       1%          2
c - Call Canine Familiar  Summ           64%        N/A       1%          3
d - Summon Guardian Gole  Hex/Summ       53%        N/A       1%          3
e - Summon Lightning Spi  Summ/Air       54%        N/A       4%          4

Your spell library contained the following spells:

 Spells                   Type           Power      Damage    Failure   Level
 Airstrike                Air            20%        2d(3-19)  13%         4
 Lightning Bolt           Conj/Air       12%        1d26      65%         5
 Olgreb's Toxic Radiance  Pois           11%        N/A       71%         4
 Borgnjor's Vile Clutch   Necr/Erth      5%         N/A       95%         5
 Conjure Ball Lightning   Conj/Air       12%        3x3d6     99%         6
 Death Channel            Necr           5%         N/A       100%        6
 Ozocubu's Refrigeration  Ice            5%         4d8       100%        7
 Discord                  Hex            18%        N/A       100%        8
 Disjunction              Tloc           5%         N/A       100%        8
 Ignition                 Fire           5%         3d4       100%        8
 Animate Dead             Necr           Unusable   N/A       N/A         4

Dungeon Overview and Level Annotations

Branches:
Dungeon (10/15)            Temple (1/1) D:7            Lair (3/5) D:8
 Shoals (0/4) Lair:2       Spider (0/4) Lair:2          Orc (0/2) D:9
Gauntlet (visited)

Altars:
Ashenzari
Cheibriados
Dithmenos
Elyvilon
Fedhas
Gozag
Hepliaklqana
Kikubaaqudgha
Makhleb
Nemelex Xobeh
Okawaru
Qazlal
Ru
Sif Muna
Trog
Uskayaw
Vehumet
Wu Jian
Xom
Yredelemnul
Zin
The Shining One

Shops:
D:3 ([[   D:9 =

Annotations:
D:3 1 runed translucent door, xian's ghost, weakling DrWn
D:5 exclusion: 2 downstairs
D:6 exclusion: 2 downstairs
D:7 exclusion: 2 downstairs
D:8 Erica
Lair:2 exclusion: downstairs


Innate Abilities, Weirdness & Mutations

You have sharp claws.
You have razor-sharp teeth.
You have supernaturally acute eyesight. (SInv)
You cover ground quickly. (Speed+)
You are covered in thick fur. (AC +2)
Your paws help you pounce on unaware monsters.
You are incapable of wielding weapons or throwing items.
You cannot wear armour.
You gain extra lives every three experience levels.
You have a somewhat thin skeletal structure. (Dex +2, Stealth+)
Your muscles are strong. (Str +4, Int/Dex -1)
Your spells are a little harder to cast, but a little more powerful.


Message History

The blink frog misses your quokka.
Casting: Summon Small Mammal (safe; 1% risk of failure)
Confirm with . or Enter, or press ? or * to list all spells.
Okay, then.
Aiming: Mindburst
Press: ? - help, Shift-Dir - straight line, f/p - cane toad
Aim: a cane toad (moderately wounded, chance to affect: 64%)
The cane toad's mind is blasted!
Your quokka bites the blink frog.
The blink frog hits your quokka!
Your quokka dies!
Your quokka's corpse disappears in a puff of smoke!
Your quokka misses the blink frog. The cane toad completely misses you.
Aiming: Mindburst
Press: ? - help, Shift-Dir - straight line, f/p - cane toad
Aim: a cane toad (severely wounded, chance to affect: 64%)
The cane toad struggles to resist.
Your quokka misses the blink frog. The cane toad stings you!!
* * * LOW HITPOINT WARNING * * *
Aiming: Mindburst
Press: ? - help, Shift-Dir - straight line, f/p - cane toad
Aim: a cane toad (severely wounded, chance to affect: 64%)
The cane toad struggles to resist.
The blink frog barely misses your warg.
Your warg closely misses the blink frog.
Your quokka misses the blink frog. The cane toad stings you!
* * * LOW HITPOINT WARNING * * *
The blink frog hits your warg!
The blink frog blinks!
Your warg completely misses the blink frog.
As you read the scroll of fear, it crumbles to dust.
You assume a fearsome visage.
The cane toad looks frightened!
The blink frog looks frightened!
Your quokka closely misses the blink frog.
Your guardian golem overheats!
The blink frog blinks!
Casting: Summon Small Mammal (safe; 1% risk of failure)
Confirm with . or Enter, or press ? or * to list all spells.
You miscast Summon Lightning Spire.
You are very lightly contaminated with residual magic.
There is a short, sharp shower of sparks.
You die...
Your body crumbles into a pile of gold.

...... .... ......
######............. .. $
#.................. ...
##..................
....##...................
.F..#.#..................
..........................
.........@................
..#...............5......
#..r^..F......##..P.#..#
#.#..h.........########..#
#....9.........## ##..#
.#.............# #....
...............## #...P
...............# ##..#
................# #...


You could see a cane toad (fleeing), a blink frog (fleeing, ally target), a
friendly guardian golem (summoned, inner flame), a friendly warg (summoned,
sheltered) and a friendly quokka (summoned, sheltered).

Vanquished Creatures
  Prince Ribbit (D:6)
  2 blink frogs
  A kobold brigand (D:7)
  A necrophage (D:6)
  A bullfrog (D:9)
  A hound (D:5)
  An adder (D:2)
  A shadow imp (D:6)
  A dart slug (D:2)
  An orc (D:3)
  2 goblins
  A quokka (D:5)
  3 rats
17 creatures vanquished.

Vanquished Creatures (collateral kills)
  A catoblepas (Lair:3)
  An ugly thing (D:7)
  2 cyclopes
  Joseph (D:7)
  3 cane toads
  A molten gargoyle (Lair:3)
  A rime drake (Lair:3)
  A polar bear (Lair:3)
  4 blink frogs (Lair:2)
  6 yaks
  3 fire bats (Lair:3)
  A steam dragon (D:6)
  Menkaure (D:6)
  5 water moccasins
  A sky beast (D:7)
  An ice beast (D:6)
  2 black bears
  2 centaurs
  A lemure (D:7)
  4 kobold brigands
  4 bullfrogs
  A gnoll sergeant (D:6)
  A scorpion (D:7)
  3 necrophages
  10 wights
  Dowan (D:6)
  3 killer bees (D:10)
  5 howler monkeys
  A lava snake (Lair:3)
  4 hounds
  2 orc priests
  A jelly (D:4)
  A gnoll bouda (D:5)
  3 iguanas
  8 orc wizards
  4 gnolls (D:7)
  6 adders
  2 river rats (D:8)
  2 shadow imps
  2 ufetubi (D:6)
  2 dart slugs
  30 orcs
  7 ball pythons
  9 endoplasms
  A giant cockroach (D:3)
  5 goblins
  6 hobgoblins
  5 jackals
  22 kobolds
  4 quokkas
  2 bats (D:1)
  8 frilled lizards
  5 rats
212 creatures vanquished.

Vanquished Creatures (others)
  A hydra (Lair:2)
  A two-headed ogre (D:9)
  3 death yaks (D:8)
  Pikel (D:8)
  2 cane toads
  3 trolls
  A hornet (D:8)
  6 yaks
  4 steam dragons
  Duvessa (D:6)
  An ice beast (D:7)
  2 black bears (D:5)
  2 centaurs
  A necrophage (D:6)
  2 wights (D:7)
  3 killer bees (D:10)
  A howler monkey (D:6)
  Crazy Yiuf (D:6)
  2 iguanas
  An orc (D:6)
  12 fungi
  3 plants
  2 withered plants (D:3)
56 creatures vanquished.

Grand Total: 285 creatures vanquished

Notes
Turn   | Place    | Note
-------+----------+-------------------------------------------
     0 | D:1      | ragingrage the Felid Summoner began the quest for the Orb.
     0 | D:1      | Reached XP level 1. HP: 7/7 MP: 4/4
    32 | D:1      | Found a faded altar of an unknown god.
   245 | D:1      | Reached XP level 2. HP: 11/11 MP: 4/6
   279 | D:1      | Learned a level 2 spell: Call Imp
  1074 | D:1      | Reached XP level 3. HP: 14/14 MP: 6/8
  1833 | D:2      | Learned a level 3 spell: Call Canine Familiar
  2280 | D:3      | Reached skill level 5 in Summonings
  2312 | D:3      | Found a runed translucent door.
  2313 | D:3      | Noticed xian's ghost (weakling DrWn)
  2343 | D:3      | Reached XP level 4. HP: 18/18 MP: 9/9
  2415 | D:3      | Learned a level 3 spell: Summon Guardian Golem
  2419 | D:3      | Found Loat Zuh's Armour Boutique.
  2422 | D:3      | Found Fyugihidd's Armour Shoppe.
  2711 | D:3      | Reached skill level 1 in Hexes
  2802 | D:3      | Found Mily's Weapon Boutique.
  3250 | D:4      | Reached XP level 5. HP: 21/21 MP: 10/10
  3320 | D:4      | Reached skill level 1 in Fighting
  3343 | D:4      | Found a glowing golden altar of the Shining One.
  3438 | D:4      | Found a sparkling altar of Nemelex Xobeh.
  3674 | D:4      | Gained mutation: You are covered in thick fur. (AC +2)
                  | [Felid growth]
  3674 | D:4      | Reached XP level 6. HP: 25/25 MP: 11/11
  4256 | D:5      | Entered Level 5 of the Dungeon
  4660 | D:5      | Reached XP level 7. HP: 30/30 MP: 13/13
  4871 | D:5      | Reached skill level 5 in Hexes
  5494 | D:5      | Found a snail-covered altar of Cheibriados.
  5715 | D:6      | Asphyxiated
  5716 | D:6      | Reached XP level 6. HP: 0/27 MP: 14/22
  5716 | D:6      | Noticed a steam dragon
  5747 | D:6      | Slain by a centaur
  5748 | D:6      | Reached XP level 5. HP: -1/22 MP: 19/21
  5752 | D:6      | Reached XP level 6. HP: 27/27 MP: 13/13
  5752 | D:6      | Noticed a steam dragon
  5756 | D:6      | Noticed a cyclops
  5760 | D:6      | Killed a cyclops
  5761 | D:6      | Reached skill level 5 in Dodging
  5761 | D:6      | Reached XP level 7. HP: 31/31 MP: 14/14
  5764 | D:6      | Killed a steam dragon
  5954 | D:6      | Noticed a steam dragon
  5966 | D:6      | Killed a steam dragon
  5967 | D:6      | Reached skill level 5 in Spellcasting
  5967 | D:6      | Reached XP level 8. HP: 12/36 MP: 16/16
  5968 | D:6      | Noticed Prince Ribbit
  5969 | D:6      | Gained mutation: Your muscles are strong. (Str +4, Int/Dex
                  | -1) [potion of mutation]
  5969 | D:6      | Gained mutation: You have a somewhat thin skeletal
                  | structure. (Dex +2, Stealth+) [potion of mutation]
  5969 | D:6      | Gained mutation: Your spells are a little harder to cast,
                  | but a little more powerful. [potion of mutation]
  5986 | D:6      | Noticed Dowan
  6012 | D:5      | Found a hazy altar of Hepliaklqana.
  6475 | D:6      | Noticed Menkaure
  6497 | D:6      | Noticed Duvessa
  6510 | D:6      | Killed Duvessa
  6534 | D:6      | Killed Dowan
  6593 | D:7      | Noticed a cyclops
  6733 | D:6      | Killed Prince Ribbit
  6940 | D:6      | Killed Menkaure
  6956 | D:6      | Reached skill level 5 in Fighting
  6956 | D:6      | Reached XP level 9. HP: 24/40 MP: 18/18
  7152 | D:6      | Found a burning altar of Makhleb.
  7292 | D:6      | Found a runed translucent door.
  7293 | D:6      | Noticed Crazy Yiuf
  7312 | D:6      | Killed Crazy Yiuf
  8071 | D:7      | Found a staircase to the Ecumenical Temple.
  8077 | Temple   | Entered the Ecumenical Temple
  8082 | Temple   | Became a worshipper of Gozag Ym Sagoz the Greedy
  8112 | D:7      | Killed a cyclops
  8328 | D:7      | Noticed Joseph
  8364 | D:7      | Killed Joseph
  8365 | D:7      | Reached skill level 10 in Summonings
  8489 | D:7      | Learned a level 4 spell: Summon Lightning Spire
  8548 | D:8      | Noticed a death yak
  8553 | D:8      | Noticed a death yak
  8559 | D:8      | Noticed a death yak
  8563 | D:8      | Killed a death yak
  8564 | D:8      | Reached skill level 1 in Air Magic
  8564 | D:8      | Reached XP level 10. HP: 45/45 MP: 20/20
  8587 | D:8      | Killed a death yak
  8587 | D:8      | Noticed a brown ugly thing
  8616 | D:7      | Killed a brown ugly thing
  8722 | D:8      | Noticed Pikel
  8892 | D:8      | Found a staircase to the Lair.
  8981 | D:8      | Killed a death yak
  9001 | D:8      | Killed Pikel
  9126 | D:8      | Noticed Erica
  9162 | D:8      | Killed from afar by Erica
  9163 | D:8      | Reached XP level 9. HP: -20/43 MP: 25/29
  9518 | D:8      | Reached skill level 10 in Dodging
  9518 | D:8      | Reached XP level 10. HP: 47/47 MP: 22/22
  9643 | D:9      | Found Silaysm's Jewellery Shop.
  9726 | D:9      | Noticed a two-headed ogre
  9734 | D:9      | Killed a two-headed ogre
  9981 | D:9      | Found a staircase to the Orcish Mines.
 10106 | D:9      | Found a shadowy altar of Dithmenos.
 10952 | D:10     | Entered Level 10 of the Dungeon
 12165 | D:10     | Found a bloodstained altar of Trog.
 12279 | Lair:1   | Entered Level 1 of the Lair of Beasts
 12339 | Lair:1   | Noticed a cane toad
 12369 | Lair:1   | Killed a cane toad
 12489 | Lair:1   | You fall into a shaft and drop 1 floor!
 12512 | Lair:2   | Noticed a cane toad
 12523 | Lair:2   | Killed a cane toad
 12581 | Lair:2   | Found a gate leading to a gauntlet.
 12591 | Gauntlet | Entered a Gauntlet
 12591 | Gauntlet | Found a transporter.
 12591 | Gauntlet | Found a transporter.
 12591 | Gauntlet | Found a large runed translucent door.
 12591 | Gauntlet | Found a large runed translucent door.
 12591 | Gauntlet | Found a large runed translucent door.
 12591 | Gauntlet | Found a large runed translucent door.
 12591 | Gauntlet | Found a large runed translucent door.
 12591 | Gauntlet | Found a large runed translucent door.
 12591 | Gauntlet | Found a runed translucent door.
 12591 | Gauntlet | Found a runed translucent door.
 12591 | Gauntlet | Found a large runed translucent door.
 12591 | Gauntlet | Found a large runed translucent door.
 12591 | Gauntlet | Found a large runed translucent door.
 12591 | Gauntlet | Found a large runed translucent door.
 12591 | Gauntlet | Found a large runed translucent door.
 12591 | Gauntlet | Found a large runed translucent door.
 12595 | Gauntlet | Found a transporter.
 12595 | Gauntlet | Noticed a tengu warrior
 12599 | Gauntlet | Found a transporter.
 12600 | Gauntlet | Found a large runed translucent door.
 12600 | Gauntlet | Found a large runed translucent door.
 12601 | Gauntlet | Found a runed translucent gate.
 12601 | Gauntlet | Found a runed translucent gate.
 12601 | Gauntlet | Found a runed translucent gate.
 12603 | Gauntlet | Noticed a moth of wrath
 12604 | Gauntlet | Found a transporter.
 12609 | Gauntlet | Noticed a sixfirhy
 12625 | Gauntlet | Found a transporter.
 12629 | Gauntlet | Noticed a dire elephant
 12630 | Gauntlet | Found a transporter.
 12635 | Gauntlet | Noticed an elephant
 12636 | Gauntlet | Noticed a wizard
 12638 | Gauntlet | Found a transporter.
 12638 | Gauntlet | Found a transporter.
 12639 | Gauntlet | Noticed an elephant
 12640 | Gauntlet | Noticed an obsidian statue
 12643 | Gauntlet | Noticed an elephant
 12667 | Lair:2   | Found a staircase to the Shoals.
 12691 | Lair:2   | Reached XP level 11. HP: 51/51 MP: 23/23
 12920 | Lair:2   | Found a hole to the Spider Nest.
 13001 | Lair:2   | Noticed a seven-headed hydra
 13016 | Lair:2   | Killed a seven-headed hydra
 13222 | Lair:2   | Reached skill level 5 in Air Magic
 13307 | Lair:2   | Identified the +2 robe of Bigim {rF+ Str+4 Stlth+}
 13913 | Lair:3   | Noticed a catoblepas
 13944 | Lair:3   | Killed a catoblepas
 14863 | Lair:3   | Killed by miscasting Summon Lightning Spire

Illustrated notes

Levels and vault maps discovered:
D:1:      sevenhm_arrival_forest_fort_small_4, layout_loops_ring,
          ebering_ecumenical_altar_hall, chequers_serial_rivers_large_a
D:2:      layout_rooms
D:3:      layout_rooms, gammafunk_ghost_grave, serial_shops, nicolae_shop_stone,
          shop, nicolae_diamond_shop
D:4:      layout_loops_ring, nemelex_spade_bored_becter,
          mainiacjoe_overflow_concentric_impassable
D:5:      layout_gridville, nicolae_overflow_hidden_temple,
          hangedman_decor_lopped
D:6:      layout_rooms, makhleb_heckhound_becter, minmay_divided_ellipse,
          uniq_menkaure, uniq_prince_ribbit1, uniq_crazy_yiuf_cottage,
          uniq_duvessa
D:7:      layout_rooms, minmay_temple_entry_wispy, uniq_joseph
D:8:      layout_rooms, dpeg_lair_monsters, uniq_pikel, uniq_erica
D:9:      layout_layer_cave, nicolae_dithmenos_through_a_glass_darkly,
          orc_0_dummy, serial_shops, nicolae_shop_crystal,
          hangedman_abyss_or_decor_clamps
D:10:     layout_long_grid, trog_book, serial_glass, glass_columns_a,
          glass_columns_a, glass_columns_b, glass_columns_a
Temple:   minmay_freezing_vapour_temple
Lair:1:   layout_hall_layers, cheibrodos_lair_lostbears
Lair:2:   layout_regular_city, elwin_shoals_entry_rocks, dummy_spider_entry,
          gauntlet_entry_generic, grunt_megastairs_3, lemuel_fruit_tree
Lair:3:   layout_gridlike

Skill      XL: |  1  2  3  4  5  6  7  8  9 10 11 |
---------------+----------------------------------+-----
Spellcasting   | 3 5 6 7 8 |  8.6
Summonings     | 5 7 8 10 11 | 11.7
Hexes          | 2 3 4 5 |  5.0
Dodging        | 3 5 6 7 10 9 11 | 11.8
Fighting       | 1 3 4 5 6 7 8 |  8.7
Air Magic      | 1 4 5 |  5.5
Stealth        | |  2.6

Action                   |  1- 3 |  4- 6 |  7- 9 | 10-12 || total
-------------------------+-------+-------+-------+-------++-------
Melee: Unarmed           |    33 |    24 |    26 |    30 ||   113
       Bite              |     4 |     4 |     3 |     8 ||    19
       Punch             |       |     1 |     1 |     1 ||     3
 Cast: Summon Small Mamm |    45 |    41 |    30 |    27 ||   143
       Call Imp          |    20 |    22 |    18 |    28 ||    88
       Call Canine Famil |       |    13 |    30 |    44 ||    87
       Summon Guardian G |       |     3 |    31 |    34 ||    68
       Summon Lightning  |       |       |       |    12 ||    12
Evoke: Wand              |       |     4 |       |     4 ||     8
  Use: Potion            |       |     4 |     1 |     1 ||     6
       Scroll            |       |       |     6 |     5 ||    11
 Stab: Sleeping          |     2 |     1 |       |       ||     3
       Distracted        |       |       |     1 |     3 ||     4
Armor: Skin              |     1 |     7 |    13 |     8 ||    29
Dodge: Dodged            |    66 |    46 |    69 |    78 ||   259

Table legend: (Time is in decaauts)
 A = Elapsed time spent in this place.
 B = Non-inter-level travel time spent in this place.
 C = Inter-level travel time spent in this place.
 D = Time resting spent in this place.
 E = Time spent auto-exploring this place.
 F = Levels seen in this place.
 G = Mean time per level.
                   A        B        C        D        E       F      G
               +--------+--------+--------+--------+--------+-----+--------+
         Total |  13332 |  12951 |    381 |   2988 |   6897 |  15 |  888.8 |
       Dungeon |  10990 |  10643 |    347 |   2318 |   5803 |  10 | 1099.0 |
        Temple |      9 |      5 |      4 |      0 |      0 |   1 |    9.0 |
          Lair |   2277 |   2247 |     30 |    670 |   1093 |   3 |  759.0 |
      Gauntlet |     55 |     55 |      0 |      0 |      0 |   1 |   55.0 |
               +--------+--------+--------+--------+--------+-----+--------+

Top non-repeatable levels by time:
     D:5: 1617 daAuts
     D:1: 1349 daAuts
     D:7: 1218 daAuts
     D:6: 1207 daAuts
    D:10: 1140 daAuts
     D:9: 1124 daAuts
  Lair:3: 1100 daAuts
     D:4: 1035 daAuts
  Lair:2: 989 daAuts
     D:8: 834 daAuts
     D:3: 755 daAuts
     D:2: 705 daAuts
  Lair:1: 188 daAuts
Gauntlet: 55 daAuts
  Temple: 9 daAuts
